 Dungeon Sprint DCSS version 0.23-a0-78-gc252fe1 (webtiles) character file.

6800000 HallandMoats the Blood Saint (level 27, -6/249 HPs)
             Began as a Demonspawn Monk on Aug 10, 2018.
             Was the Champion of Makhleb.
             Killed by the air
             ... invoked by a tyrant
              (36 damage)
             ... in the Dungeon (Sprint VIII: "Arena of Blood").
             The game lasted 00:02:25 (68 turns).

HallandMoats the Blood Saint (Demonspawn Monk)        Turns: 68, Time: 00:02:26

Health: -6/249     AC:  4    Str: 26    XL:     27
Magic:  54/54      EV: 41    Int: 13    God:    Makhleb [******]
Gold:   0          SH:  0    Dex: 23    Spells: 80/80 levels left

rFire    . . .     SeeInvis +   j - +∞ Axe of Woe
rCold    . . .     Gourm    .   (shield currently unavailable)
rNeg     + . .     Faith    .   b - +0 robe
rPois    .         Spirit   .   (helmet unavailable)
rElec    .         Reflect  .   (no cloak)
rCorr    .         Harm     .   (no gloves)
MR       ++...     NoTele   +   (no boots)
Stlth    ++++++++++             (no amulet)
HPRegen  0.51/turn              (no ring)
MPRegen  0.34/turn              (no ring)

@: mighty, agile
A: antennae 3, demonic guardian 3, negative energy resistance 1, powered by pain
3, 50% torment resistance, black mark, sturdy frame 3
a: Minor Destruction, Lesser Servant of Makhleb, Major Destruction, Greater
Servant of Makhleb, Renounce Religion


You were in the Dungeon.
You worshipped Makhleb.
Makhleb was exalted by your worship.
You were not hungry.

You visited 1 branch

Inventory:

Hand Weapons
 a - a +0 hand axe
 j - the +∞ Axe of Woe (weapon)
   (You found it in the Dungeon)
Armour
 b - a +0 robe (worn)
Jewellery
 k - a +200 ring of slaying
 l - a +250 ring of slaying
Scrolls
 i - a scroll of blinking
Potions
 d - a potion of curing
 e - a potion of heal wounds
 f - a potion of haste
 g - 2 potions of magic
 h - a potion of berserk rage
Comestibles
 c - a ration


   Skills:
 O Level 27 Fighting
 O Level 27 Axes
 O Level 27 Throwing
 O Level 27 Armour
 O Level 27 Dodging
 O Level 27 Stealth
 O Level 27 Unarmed Combat
 O Level 27 Spellcasting
 O Level 27 Invocations


You had 80 spell levels left.
You didn't know any spells.
Your spell library was empty.

Dungeon Overview and Level Annotations

Branches:
Dungeon (1/1)

Altars:
Makhleb


Innate Abilities, Weirdness & Mutations

You have a pair of large antennae on your head. (SInv)
A powerful demonic guardian rushes to your aid.
You resist negative energy. (rN+)
You are powered by pain.
You are somewhat able to resist unholy torments (1 in 2 success).
Your melee attacks may debilitate your foes.
Your movements are significantly less encumbered by armour. (ER -6)


Message History

The destroyer hits you with a +9 great sword of slicing!!!!
* * * LOW HITPOINT WARNING * * *
You focus on the pain.
You feel mightier all of a sudden.
* * * LOW HITPOINT WARNING * * *
The destroyer bites you!
* * * LOW HITPOINT WARNING * * *
The destroyer draws strength from your injuries!
A bag of meat comes into view. It is wielding a +9 war axe.
The tyrant is engulfed in blazing flames.
The tyrant completely misses you.
The large abomination is engulfed in blazing flames.
The large abomination completely misses you.
You hear a shout!
The tyrant casts a spell.
The tyrant seems to speed up.
A meat beast comes into view.
The tyrant waves its bony arms in wide circles.
The air twists around and strikes you!
You die...

...... #....Oo.# {....
..#... #....{..# {{....
.{O...###.O.{...###oo...
..{.....o.o###....O.....
..X#X..XooX{_){o........
.#....oo.#.{.o)#.......#
....XLXo)#_.<)_#.o......
#..XXLXo#.....#..o...#.
...#.§§@§o))_...........
.....§§.V%.###.........#
...W..###.%%....###.....
...... #.......# .....
...... #.......# .....
..... .......... ....
#.#.. .o..L...... ...
o#.. .......2...
.........o##


You could see 2 tentacled monstrosities, a meat beast (wandering), 3 tyrants, a
destroyer, 6 large abominations, a dread, 2 meat berserkers and 10 bags of meat.

Vanquished Creatures
  13 vampire knights (D)
  23 ogres (D)
  3 two-headed ogres (D)
  55 orcs (D)
  2 skeletal warriors (D)
  4 large abominations (D)
  4 small abominations (D)
  6 crawling corpses (D)
110 creatures vanquished.

Vanquished Creatures (others)
  A crawling corpse (D)
1 creature vanquished.

Grand Total: 111 creatures vanquished

Notes
Turn   | Place    | Note
-------+----------+-------------------------------------------
     0 | D        | Found the +∞ Axe of Woe
     0 | D        | HallandMoats the Demonspawn Monk began the quest for the Orb.
     0 | D        | Reached XP level 1. HP: 18/18 MP: 1/1
     3 | D        | Noticed a bag of meat
     4 | D        | Became a worshipper of Makhleb the Destroyer
     4 | D        | Reached * piety under Makhleb
     4 | D        | Reached ** piety under Makhleb
     5 | D        | Noticed a bag of meat
     6 | D        | Noticed a bag of meat
     6 | D        | Noticed a bag of meat
     6 | D        | Noticed a bag of meat
     8 | D        | Noticed a bag of meat
     8 | D        | Noticed a bag of meat
     9 | D        | Noticed a meat berserker
     9 | D        | Noticed a meat berserker
    10 | D        | Noticed a bag of meat
    10 | D        | Noticed a bag of meat
    10 | D        | Noticed a bag of meat
    11 | D        | Noticed a bag of meat
    11 | D        | Noticed a bag of meat
    12 | D        | Noticed a meat berserker
    14 | D        | Killed a bag of meat
    14 | D        | Reached skill level 10 in Dodging
    14 | D        | Gained mutation: A weak demonic guardian rushes to your aid. [demonic ancestry]
    14 | D        | Reached XP level 2. HP: 43/43 MP: 1/12
    14 | D        | Reached XP level 3. HP: 49/49 MP: 1/13
    14 | D        | Reached XP level 4. HP: 56/56 MP: 1/15
    14 | D        | Reached XP level 5. HP: 62/62 MP: 1/16
    14 | D        | Gained mutation: You sometimes gain a little power by taking damage. [demonic ancestry]
    14 | D        | Reached XP level 6. HP: 69/69 MP: 1/18
    14 | D        | Gained mutation: Your movements are slightly less encumbered by armour. (ER -2) [demonic ancestry]
    14 | D        | Reached XP level 7. HP: 75/75 MP: 1/19
    14 | D        | Gained mutation: You have a pair of small antennae on your head. [demonic ancestry]
    14 | D        | Reached XP level 8. HP: 82/82 MP: 1/21
    14 | D        | Gained mutation: You have a pair of antennae on your head. [demonic ancestry]
    14 | D        | Reached XP level 9. HP: 88/88 MP: 1/22
    14 | D        | Gained mutation: You sometimes gain power by taking damage. [demonic ancestry]
    14 | D        | Reached XP level 10. HP: 95/95 MP: 1/23
    14 | D        | Reached XP level 11. HP: 101/101 MP: 1/24
    14 | D        | Killed a bag of meat
    14 | D        | Reached skill level 15 in Axes
    14 | D        | Reached XP level 12. HP: 113/113 MP: 1/26
    14 | D        | Noticed a bag of meat
    14 | D        | Noticed a bag of meat
    14 | D        | Noticed a bag of meat
    15 | D        | Killed a meat berserker
    15 | D        | Reached XP level 13. HP: 126/126 MP: 19/28
    15 | D        | Gained mutation: You have a pair of large antennae on your head. (SInv) [demonic ancestry]
    15 | D        | Reached XP level 14. HP: 133/133 MP: 19/29
    16 | D        | Killed a meat berserker
    16 | D        | Reached *** piety under Makhleb
    16 | D        | Reached XP level 15. HP: 144/144 MP: 29/32
    16 | D        | Reached skill level 15 in Armour
    16 | D        | Reached skill level 15 in Dodging
    16 | D        | Reached skill level 27 in Invocations
    17 | D        | Reached **** piety under Makhleb
    17 | D        | Reached XP level 16. HP: 159/159 MP: 29/33
    18 | D        | Noticed a meat berserker
    20 | D        | Noticed a meat berserker
    20 | D        | Noticed a large bag of meat
    21 | D        | Noticed a meat berserker
    22 | D        | Noticed a destroyer
    23 | D        | Reached ***** piety under Makhleb
    23 | D        | Gained mutation: You resist negative energy. (rN+) [demonic ancestry]
    23 | D        | Reached XP level 17. HP: 173/173 MP: 31/34
    23 | D        | Noticed a meat berserker
    24 | D        | Reached skill level 27 in Fighting
    25 | D        | Killed a large bag of meat
    25 | D        | Reached skill level 27 in Axes
    26 | D        | Noticed a meat berserker
    26 | D        | Noticed a destroyer
    27 | D        | Killed a meat berserker
    27 | D        | Gained mutation: You are somewhat able to resist unholy torments (1 in 2 success). [demonic ancestry]
    27 | D        | Reached XP level 18. HP: 116/182 MP: 35/35
    27 | D        | Killed a meat berserker
    27 | D        | Killed a meat berserker
    27 | D        | Reached skill level 27 in Armour
    27 | D        | Reached skill level 27 in Dodging
    27 | D        | Gained mutation: Your movements are less encumbered by armour. (ER -4) [demonic ancestry]
    27 | D        | Reached XP level 19. HP: 189/189 MP: 36/36
    28 | D        | Noticed a meat berserker
    28 | D        | Reached skill level 10 in Stealth
    28 | D        | Noticed a meat berserker
    29 | D        | Killed a meat berserker
    29 | D        | Killed a destroyer
    29 | D        | Reached ****** piety under Makhleb
    29 | D        | Reached XP level 20. HP: 197/197 MP: 36/41
    29 | D        | Noticed a meat berserker
    30 | D        | Killed a meat berserker
    31 | D        | Killed a destroyer
    31 | D        | Reached XP level 21. HP: 204/204 MP: 36/47
    34 | D        | Noticed a destroyer
    35 | D        | Gained mutation: A demonic guardian rushes to your aid. [demonic ancestry]
    35 | D        | Reached XP level 22. HP: 212/212 MP: 49/51
    35 | D        | Reached skill level 27 in Stealth
    36 | D        | Reached skill level 27 in Throwing
    36 | D        | Reached skill level 27 in Unarmed Combat
    36 | D        | Reached skill level 27 in Spellcasting
    36 | D        | Gained mutation: Your movements are significantly less encumbered by armour. (ER -6) [demonic ancestry]
    36 | D        | Reached XP level 23. HP: 219/219 MP: 50/54
    37 | D        | Noticed a destroyer
    41 | D        | Reached XP level 24. HP: 227/227 MP: 54/54
    41 | D        | Noticed a destroyer
    42 | D        | Noticed a large bag of meat
    42 | D        | Killed a destroyer
    43 | D        | Noticed a large bag of meat
    43 | D        | Gained mutation: Your melee attacks may debilitate your foes. [demonic ancestry]
    43 | D        | Reached XP level 25. HP: 234/234 MP: 54/54
    44 | D        | Killed a destroyer
    44 | D        | Noticed a destroyer
    45 | D        | Gained mutation: A powerful demonic guardian rushes to your aid. [demonic ancestry]
    45 | D        | Reached XP level 26. HP: 242/242 MP: 54/54
    46 | D        | Killed a destroyer
    47 | D        | Gained mutation: You are powered by pain. [demonic ancestry]
    47 | D        | Reached XP level 27. HP: 249/249 MP: 54/54
    49 | D        | Noticed a destroyer
    50 | D        | Noticed a destroyer
    50 | D        | Noticed a destroyer
    52 | D        | Killed a destroyer
    53 | D        | Killed a large bag of meat
    53 | D        | Noticed a destroyer
    55 | D        | Killed a destroyer
    55 | D        | Noticed a tyrant
    56 | D        | Killed a destroyer
    56 | D        | Noticed a tyrant
    57 | D        | Noticed a destroyer
    61 | D        | Killed a destroyer
    61 | D        | Noticed a destroyer
    61 | D        | Noticed a destroyer
    61 | D        | Noticed a destroyer
    62 | D        | Noticed a destroyer
    63 | D        | Killed a destroyer
    65 | D        | Noticed a large bag of meat
    66 | D        | Noticed a tyrant
    66 | D        | Noticed a dread
    67 | D        | Killed a destroyer
    67 | D        | Killed a destroyer
    67 | D        | Killed a destroyer
    67 | D        | Killed a large bag of meat
    68 | D        | Noticed a meat beast
    68 | D        | Killed from afar by a tyrant

Vault maps used:
D:        meatsprint

Skill      XL: |  1  2  3  4  5  6  7  8  9 10 11 12 13 14 15 16 17 18 19 20 21 22 |
---------------+-------------------------------------------------------------------+-----
Fighting       | 14 16 19 21 24 26 27 | 27.0
Axes           | 13 15 18 19 22 24 27 | 27.0
Armour         | 9 11 13 14 16 18 23 27 | 27.0
Dodging        | 10 11 13 14 16 18 24 27 | 27.0
Invocations    | 18 20 23 26 27 | 27.0
Throwing       | 7 17 22 25 27 | 27.0
Stealth        | 8 19 23 26 27 | 27.0
Unarmed Combat | 7 17 22 25 27 | 27.0
Spellcasting   | 7 17 22 25 27 | 27.0

Action                   |  1- 3 |  4- 6 |  7- 9 | 10-12 | 13-15 | 16-18 | 19-21 | 22-24 | 25-27 || total
-------------------------+-------+-------+-------+-------+-------+-------+-------+-------+-------++-------
Melee: Executioner's axe |     1 |       |       |     1 |     2 |     5 |     7 |     7 |    22 ||    45
Dodge: Dodged            |       |       |       |       |     1 |       |       |       |     4 ||     5

Table legend:
 A = Non-vault XP
 B = Vault XP
 C = Vault XP percentage of total XP
 D = Non-vault monster count
 E = Vault monster count
 F = Vault count percentage of total count
 G = Total turns spent on level
                 A         B        C        D         E       F
            +---------+---------+-------+---------+---------+-------
      Total | 1112126 | 1602847 |  59.0 |      40 |      64 |  61.5
            +---------+---------+-------+---------+---------+-------
          D | 1112126 | 1602847 |  59.0 |      40 |      64 |  61.5
            +---------+---------+-------+---------+---------+-------
